Pick #1

Connor Bedard
Pick #2

Leo Carlsson
Pick #3

Adam Fantilli
Pick #4

Matvei Michkov
Pick #5

David Reinbacher
Pick #6

William Smith
Pick #7

Zachary Benson
Pick #8

Ryan Leonard
Pick #9

Gabriel Perreault
Pick #10

Axel Sandin-Pellika
Pick #11

Daniil But
Pick #12

Dalibor Dvorsky
Pick #13

Quentin Musty
Pick #14

Brayden Yager
Pick #15

Dmitry Simashev
Pick #16

Colby Barlow
Pick #17

Andrew Cristall
Pick #18

Easton Cowan
Pick #19

Jacob Fowler
Pick #20

Oliver Moore
Pick #21

Oliver Bonk
Pick #22

Tom Willander
Pick #23

Calum Ritchie
Pick #24

Tanner Molendyk
Pick #25

Gavin Brindley
Pick #26

Nate Danielson
Pick #27

Pick #28

Pick #29

Pick #30

Pick #31

Pick #32

Pick #33

Pick #34

Pick #35

Pick #36

Pick #37

Pick #38

Pick #39

Pick #40

Pick #41

Pick #42

Pick #43

Pick #44

Pick #45

Pick #46

Pick #47

Pick #48

Pick #49

Pick #50

Pick #51

Pick #52

Pick #53

Pick #54

Pick #55

Pick #56

Pick #57

Pick #58

Pick #59

Pick #60

Pick #61

Pick #62

Pick #63

Pick #64

Pick #65

Pick #66

Pick #67

Pick #68

Pick #69

Pick #70

Pick #71

Pick #72

Pick #73

Pick #74

Pick #75

Pick #76

Pick #77

Pick #78

Pick #79

Pick #80

Pick #81

Pick #82

Pick #83

Pick #84

Pick #85

Pick #86

Pick #87

Pick #88

Pick #89

Pick #90

Pick #91

Pick #92

Pick #93

Pick #94

Pick #95

Pick #96

Pick #97

Pick #98

Pick #99

Pick #100

Pick #101

Pick #102

Pick #103

Pick #104

Pick #105

Pick #106

Pick #107

Pick #108

Pick #109

Pick #110

Pick #111

Pick #112

Pick #113

Pick #114

Pick #115

Pick #116

Pick #117

Pick #118

Pick #119

Pick #120

Pick #121

Pick #122

Pick #123

Pick #124

Pick #125

Pick #126

Pick #127

Pick #128

Pick #129

Pick #130

Full Scoreboard »»

Panthers vs Predators

Created - March 5, 2024 at 23:54

Goals
1 2 3 OT1 T
Panthers 1 1 1 0 3
Predators 2 0 1 1 4
Shots
1 2 3 OT1 T
Panthers 6 13 7 0 26
Predators 7 8 17 2 34

GoalsPenalties
1st period
1. Predators , Alex Tuch 26 (Roman Josi 41) at 8:35
2. Predators , J.T. Miller 16 (Darnell Nurse 34, Kyle Connor 31) at 18:37
3. Panthers , Jack Hughes 17 (Owen Power 36, Brady Tkachuk 14) at 19:55 (PP)
Robby Fabbri (FLA) for Hooking (Minor) at 3:39
Darnell Nurse (NSH) for Hooking (Minor) at 19:16
2nd period
4. Panthers , Matthew Tkachuk 28 (Owen Power 37) at 5:34
Nikita Zadorov (NSH) for Interference (Minor) at 7:20
3rd period
5. Panthers , Jack Hughes 18 (Roope Hintz 37, Quinn Hughes 55) at 9:04
6. Predators , Jake McCabe 1 (J.T. Compher 11, Bo Horvat 33) at 16:11
Charlie McAvoy (FLA) for Holding Stick (Minor) at 17:57
Overtime #1
7. Predators , Kyle Connor 27 (Roman Josi 42, Tage Thompson 21) at 0:24
No Penalty
Goalie Stats
Craig Anderson (FLA), 30 saves from 34 shots - (0.882), OTL, 6-1-2, 60:25 minutes
Ilya Sorokin (NSH), 23 saves from 26 shots - (0.885), W, 40-14-4, 60:25 minutes
3 StarsOfficial
1 - Kyle Connor (NSH)
2 - Jack Hughes (FLA)
3 - Roman Josi (NSH)
Referees : Justin Kea and Mike Campbell
Linesman : Brent Colby and Brandon Gawryletz
Game Note
No Game Note
Finance
Level 1 -- Attendance: 6500 (100.00%) -- Ticket Income $715,000
Level 2 -- Attendance: 4451 (89.02%) -- Ticket Income $400,590
Level 3 -- Attendance: 2656 (75.89%) -- Ticket Income $199,200
Level 4 -- Attendance: 1113 (100.00%) -- Ticket Income $77,910
Luxury Box -- Attendance: 865 (86.50%) -- Ticket Income $194,625
Game was played at the Bridgestone Arena.
Total Attendance: 15585 (91.07%)
Total Ticket Income: $1,587,325
Other Income: $396,831
Total Income: $1,984,156



Team Name Goals Shots Shots Attemp Shots Blocked PIM HIT PP PK FO%
Panthers 32652114271 / 2 (50%)054%
Predators 4347974240 / 2 (0%)146%

Panthers
Player Name POS G A P +/- PIM HIT SHT SB MP PP MP PP SHT PK MP PK SHT FO% FOT
Aleksander BarkovC0000000022:010:5800:56061% 28
Andrei SvechnikovRW0001043020:400:5800:0000% 1
Brady TkachukLW0110072016:321:4000:000100% 1
Charlie McAvoyD0000211222:241:0110:4900% 0
Frederick GaudreauC000-1000110:420:0003:020100% 1
Jack HughesC2020004016:321:4010:000100% 1
Jake SandersonD0000050022:190:0002:0500% 0
Jamie BennLW000-1023011:100:0000:0000% 0
Jeff CarterC000-1000011:100:0000:00057% 14
Matthew TkachukLW1010024021:050:5800:000100% 2
Mikael BacklundC000-1011010:420:0003:02046% 13
Mike MathesonD000-2011114:371:3700:0000% 0
Oliver Ekman-LarssonD000-2002214:040:0001:0400% 0
Owen PowerD0220010323:561:3702:0500% 0
Quinn HughesD0111001223:041:0111:5300% 0
Reilly SmithRW000-1001012:060:0000:5600% 0
Robby FabbriC000-123107:390:0000:000100% 2
Roope HintzC0110002016:321:4000:00031% 16
Predators
Player Name POS G A P +/- PIM HIT SHT SB MP PP MP PP SHT PK MP PK SHT FO% FOT
Alex TuchRW1010003018:061:3600:0000% 1
Bo HorvatC0111014016:432:2210:00042% 19
Brandon CarloD0001021121:441:3601:5400% 0
Colton SissonsC000000109:070:0001:56078% 9
Darnell NurseD011-1241122:111:3611:2200% 0
Gabriel VilardiRW0000000015:220:0000:000100% 1
J.T. CompherLW0111013116:170:0001:56050% 2
J.T. MillerC1010034017:401:3600:42048% 21
Jack McBainC000001007:530:0000:4200% 0
Jake McCabeD1011031217:320:0001:3600% 0
Kyle ConnorLW1121013018:092:2200:00050% 2
Lucas RaymondLW0000011018:522:2200:0000% 1
Nikita ZadorovD0001232016:160:0000:2100% 0
Roman JosiD0222021121:042:2200:0300% 0
Tage ThompsonC0111014016:550:0000:00036% 22
Taylor HallLW0001012015:571:3600:0000% 1
Thomas ChabotD000-1003121:362:2230:0000% 0
Yakov TreninC000000007:110:0000:0000% 0



Play-by-Play

1st period


0:01 of 1st period - Aleksander Barkov wins face-off versus Lucas Raymond in neutral zone.
0:04 of 1st period - Brandon Carlo is hit by Andrei Svechnikov and loses puck.
0:23 of 1st period - Shot by Tage Thompson.
0:23 of 1st period - Stopped by Craig Anderson without a rebound.
0:24 of 1st period - J.T. Miller wins face-off versus Roope Hintz in Panthers zone.
0:36 of 1st period - Icing by J.T. Miller.
0:37 of 1st period - J.T. Miller wins face-off versus Jeff Carter in Predators zone.
1:01 of 1st period - Shot by J.T. Miller.
1:01 of 1st period - Shot Misses the Net.
1:13 of 1st period - Shot by Kyle Connor.
1:13 of 1st period - Deflect By Gabriel Vilardi.
1:13 of 1st period - Shot Blocked by Oliver Ekman-Larsson.
1:15 of 1st period - Shot by Gabriel Vilardi.
1:15 of 1st period - Shot Blocked by Mike Matheson.
1:20 of 1st period - Shot by J.T. Miller.
1:20 of 1st period - Stopped by Craig Anderson without a rebound.
1:21 of 1st period - Brady Tkachuk wins face-off versus Bo Horvat in Panthers zone.
1:48 of 1st period - Shot by Bo Horvat.
1:48 of 1st period - Shot Misses the Net.
1:53 of 1st period - Owen Power is hit by Taylor Hall.
2:36 of 1st period - Icing by Roman Josi.
2:37 of 1st period - Aleksander Barkov wins face-off versus Tage Thompson in Predators zone.
2:37 of 1st period - Charlie McAvoy is hit by Roman Josi and loses puck.
2:44 of 1st period - Shot by Matthew Tkachuk.
2:44 of 1st period - Shot Blocked by Roman Josi.
2:46 of 1st period - Shot by Andrei Svechnikov.
2:46 of 1st period - Stopped by Ilya Sorokin without a rebound.
2:47 of 1st period - Colton Sissons wins face-off versus Aleksander Barkov in Predators zone.
2:51 of 1st period - Thomas Chabot is hit by Charlie McAvoy and loses puck.
3:25 of 1st period - Aleksander Barkov is hit by Darnell Nurse and loses puck.
3:31 of 1st period - Matthew Tkachuk is hit by Darnell Nurse and loses puck.
3:39 of 1st period - Minor Penalty to Robby Fabbri for Hooking.
3:40 of 1st period - Mikael Backlund wins face-off versus Bo Horvat in Panthers zone.
3:55 of 1st period - Owen Power is hit by Kyle Connor and loses puck.
4:08 of 1st period - Shot by Thomas Chabot.
4:08 of 1st period - Shot Misses the Net.
4:10 of 1st period - Shot by Bo Horvat.
4:10 of 1st period - Stopped by Craig Anderson without a rebound.
4:11 of 1st period - J.T. Miller wins face-off versus Mikael Backlund in Panthers zone.
4:16 of 1st period - Shot by Taylor Hall.
4:16 of 1st period - Deflect By J.T. Miller.
4:16 of 1st period - Shot Misses the Net.
4:20 of 1st period - Shot by Darnell Nurse.
4:20 of 1st period - Shot Misses the Net.
4:22 of 1st period - Shot by Darnell Nurse.
4:22 of 1st period - Shot Blocked by Charlie McAvoy.
4:24 of 1st period - Shot by Darnell Nurse.
4:24 of 1st period - Shot Misses the Net.
4:41 of 1st period - Off-side.
4:42 of 1st period - Aleksander Barkov wins face-off versus Bo Horvat in neutral zone.
4:57 of 1st period - Shot by Bo Horvat.
4:57 of 1st period - Shot Misses the Net.
4:59 of 1st period - Shot by Roman Josi.
4:59 of 1st period - Shot Blocked by Owen Power.
5:01 of 1st period - Shot by Roman Josi.
5:01 of 1st period - Shot Misses the Net.
5:05 of 1st period - Shot by Thomas Chabot.
5:05 of 1st period - Shot Misses the Net.
5:37 of 1st period - Icing by Roman Josi.
5:38 of 1st period - Bo Horvat wins face-off versus Mikael Backlund in Predators zone.
5:55 of 1st period - Shot by Brady Tkachuk.
5:55 of 1st period - Stopped by Ilya Sorokin without a rebound.
5:56 of 1st period - Aleksander Barkov wins face-off versus Kyle Connor in Predators zone.
6:39 of 1st period - Icing by Nikita Zadorov.
6:40 of 1st period - Robby Fabbri wins face-off versus J.T. Miller in Predators zone.
6:40 of 1st period - Robby Fabbri is hit by Nikita Zadorov.
6:49 of 1st period - Icing by Nikita Zadorov.
6:50 of 1st period - Jeff Carter wins face-off versus J.T. Miller in Predators zone.
7:22 of 1st period - Nikita Zadorov is hit by Jake Sanderson and loses puck.
8:02 of 1st period - Icing by Quinn Hughes.
8:03 of 1st period - Aleksander Barkov wins face-off versus Bo Horvat in Panthers zone.
8:12 of 1st period - Shot by Aleksander Barkov.
8:12 of 1st period - Shot Blocked by J.T. Compher.
8:14 of 1st period - Shot by Aleksander Barkov.
8:14 of 1st period - Shot Blocked by Thomas Chabot.
8:18 of 1st period - Shot by Matthew Tkachuk.
8:18 of 1st period - Stopped by Ilya Sorokin without a rebound.
8:19 of 1st period - Roope Hintz wins face-off versus Tage Thompson in Predators zone.
8:21 of 1st period - Brady Tkachuk is hit by Brandon Carlo.
8:35 of 1st period - Shot by Alex Tuch.
8:35 of 1st period - Goal by Alex Tuch - Panthers : 0 - Predators : 1.
8:36 of 1st period - Mikael Backlund wins face-off versus Bo Horvat in neutral zone.
8:36 of 1st period - Mikael Backlund is hit by J.T. Compher.
8:53 of 1st period - Bo Horvat is hit by Robby Fabbri and loses puck.
9:04 of 1st period - Thomas Chabot is hit by Robby Fabbri and loses puck.
10:44 of 1st period - Jake McCabe is hit by Jake Sanderson and loses puck.
10:52 of 1st period - Owen Power is hit by Jake McCabe and loses puck.
11:02 of 1st period - Nikita Zadorov is hit by Robby Fabbri and loses puck.
11:06 of 1st period - Jack McBain is hit by Mikael Backlund and loses puck.
11:28 of 1st period - Off-side.
11:29 of 1st period - Bo Horvat wins face-off versus Aleksander Barkov in neutral zone.
12:05 of 1st period - Taylor Hall is hit by Matthew Tkachuk and loses puck.
12:17 of 1st period - Icing by Thomas Chabot.
12:18 of 1st period - Bo Horvat wins face-off versus Roope Hintz in Predators zone.
12:18 of 1st period - Bo Horvat is hit by Brady Tkachuk.
13:11 of 1st period - Oliver Ekman-Larsson is hit by Brandon Carlo and loses puck.
13:47 of 1st period - Icing by Jake McCabe.
13:48 of 1st period - Aleksander Barkov wins face-off versus J.T. Miller in Predators zone.
14:02 of 1st period - Off-side.
14:03 of 1st period - Jeff Carter wins face-off versus Bo Horvat in neutral zone.
14:06 of 1st period - Shot by Mike Matheson.
14:06 of 1st period - Deflect By Reilly Smith.
14:06 of 1st period - Shot Misses the Net.
14:41 of 1st period - Shot by Taylor Hall.
14:41 of 1st period - Shot Misses the Net.
14:43 of 1st period - Shot by J.T. Compher.
14:43 of 1st period - Stopped by Craig Anderson without a rebound.
14:44 of 1st period - Aleksander Barkov wins face-off versus Tage Thompson in Panthers zone.
15:22 of 1st period - Shot by Alex Tuch.
15:22 of 1st period - Stopped by Craig Anderson without a rebound.
15:23 of 1st period - Kyle Connor wins face-off versus Roope Hintz in Panthers zone.
16:30 of 1st period - Shot by Bo Horvat.
16:30 of 1st period - Shot Blocked by Quinn Hughes.
17:04 of 1st period - Shot by Jamie Benn.
17:04 of 1st period - Stopped by Ilya Sorokin with a rebound.
17:09 of 1st period - Reilly Smith is hit by Jake McCabe and loses puck.
17:44 of 1st period - Andrei Svechnikov is hit by Nikita Zadorov and loses puck.
17:47 of 1st period - Shot by Oliver Ekman-Larsson.
17:47 of 1st period - Stopped by Ilya Sorokin without a rebound.
17:48 of 1st period - Mikael Backlund wins face-off versus Tage Thompson in Predators zone.
18:23 of 1st period - Icing by Jake Sanderson.
18:24 of 1st period - J.T. Miller wins face-off versus Mikael Backlund in Panthers zone.
18:29 of 1st period - Shot by J.T. Miller.
18:29 of 1st period - Shot Misses the Net.
18:35 of 1st period - Shot by J.T. Miller.
18:35 of 1st period - Shot Misses the Net.
18:37 of 1st period - Shot by J.T. Miller.
18:37 of 1st period - Goal by J.T. Miller - Panthers : 0 - Predators : 2.
18:38 of 1st period - Matthew Tkachuk wins face-off versus Colton Sissons in neutral zone.
19:16 of 1st period - Minor Penalty to Darnell Nurse for Hooking.
19:17 of 1st period - Colton Sissons wins face-off versus Roope Hintz in Predators zone.
19:55 of 1st period - Shot by Jack Hughes.
19:55 of 1st period - Goal by Jack Hughes - Panthers : 1 - Predators : 2.
19:56 of 1st period - Jeff Carter wins face-off versus Tage Thompson in neutral zone.
Goals for this period are 1 for Panthers vs 2 for Predators.
Shots for this period are 6 for Panthers vs 7 for Predators.

2nd period


0:01 of 2nd period - Tage Thompson wins face-off versus Aleksander Barkov in neutral zone.
0:06 of 2nd period - Shot by Lucas Raymond.
0:06 of 2nd period - Shot Misses the Net.
0:08 of 2nd period - Shot by Brandon Carlo.
0:08 of 2nd period - Stopped by Craig Anderson without a rebound.
0:09 of 2nd period - Aleksander Barkov wins face-off versus Alex Tuch in Panthers zone.
1:20 of 2nd period - Thomas Chabot is hit by Brady Tkachuk and loses puck.
2:13 of 2nd period - Shot by Bo Horvat.
2:13 of 2nd period - Shot Misses the Net.
2:15 of 2nd period - Shot by Nikita Zadorov.
2:15 of 2nd period - Deflect By Bo Horvat.
2:15 of 2nd period - Stopped by Craig Anderson without a rebound.
2:16 of 2nd period - Colton Sissons wins face-off versus Mikael Backlund in Panthers zone.
2:39 of 2nd period - Shot by Robby Fabbri.
2:39 of 2nd period - Deflect By Mikael Backlund.
2:39 of 2nd period - Shot Misses the Net.
3:09 of 2nd period - Charlie McAvoy is hit by Jack McBain and loses puck.
3:49 of 2nd period - Shot by Matthew Tkachuk.
3:49 of 2nd period - Stopped by Ilya Sorokin without a rebound.
3:50 of 2nd period - Roope Hintz wins face-off versus Tage Thompson in Predators zone.
4:01 of 2nd period - Shot by Roope Hintz.
4:01 of 2nd period - Stopped by Ilya Sorokin without a rebound.
4:02 of 2nd period - J.T. Miller wins face-off versus Jeff Carter in Predators zone.
4:02 of 2nd period - J.T. Miller is hit by Jamie Benn.
4:11 of 2nd period - Darnell Nurse is hit by Jamie Benn and loses puck.
4:17 of 2nd period - Reilly Smith is hit by Darnell Nurse and loses puck.
4:20 of 2nd period - Shot by Jamie Benn.
4:20 of 2nd period - Shot Misses the Net.
4:22 of 2nd period - Shot by Jamie Benn.
4:22 of 2nd period - Stopped by Ilya Sorokin without a rebound.
4:23 of 2nd period - Roope Hintz wins face-off versus Tage Thompson in Predators zone.
4:33 of 2nd period - Tage Thompson is hit by Brady Tkachuk and loses puck.
4:50 of 2nd period - Alex Tuch is hit by Brady Tkachuk and loses puck.
5:05 of 2nd period - Shot by Brady Tkachuk.
5:05 of 2nd period - Shot Misses the Net.
5:19 of 2nd period - Thomas Chabot is hit by Brady Tkachuk and loses puck.
5:34 of 2nd period - Shot by Matthew Tkachuk.
5:34 of 2nd period - Goal by Matthew Tkachuk - Panthers : 2 - Predators : 2.
5:35 of 2nd period - Bo Horvat wins face-off versus Aleksander Barkov in neutral zone.
6:02 of 2nd period - J.T. Compher is hit by Owen Power and loses puck.
6:11 of 2nd period - Shot by J.T. Compher.
6:11 of 2nd period - Stopped by Craig Anderson with a rebound.
6:15 of 2nd period - Shot by Bo Horvat.
6:15 of 2nd period - Shot Misses the Net.
6:17 of 2nd period - Shot by Roman Josi.
6:17 of 2nd period - Shot Misses the Net.
6:19 of 2nd period - Shot by Roman Josi.
6:19 of 2nd period - Shot Misses the Net.
6:34 of 2nd period - J.T. Miller is hit by Jake Sanderson and loses puck.
6:37 of 2nd period - Shot by Kyle Connor.
6:37 of 2nd period - Stopped by Craig Anderson without a rebound.
6:38 of 2nd period - Tage Thompson wins face-off versus Jeff Carter in Panthers zone.
6:44 of 2nd period - Jamie Benn is hit by Jake McCabe.
6:48 of 2nd period - Shot by Reilly Smith.
6:48 of 2nd period - Shot Misses the Net.
6:50 of 2nd period - Shot by Jamie Benn.
6:50 of 2nd period - Shot Misses the Net.
6:52 of 2nd period - Shot by Jamie Benn.
6:52 of 2nd period - Shot Misses the Net.
7:20 of 2nd period - Minor Penalty to Nikita Zadorov for Interference.
7:21 of 2nd period - Roope Hintz wins face-off versus Colton Sissons in Predators zone.
7:42 of 2nd period - Shot by Jack Hughes.
7:42 of 2nd period - Shot Misses the Net.
7:44 of 2nd period - Shot by Quinn Hughes.
7:44 of 2nd period - Deflect By Roope Hintz.
7:44 of 2nd period - Shot Misses the Net.
7:46 of 2nd period - Shot by Roope Hintz.
7:46 of 2nd period - Shot Blocked by Brandon Carlo.
7:48 of 2nd period - Shot by Brady Tkachuk.
7:48 of 2nd period - Shot Misses the Net.
7:50 of 2nd period - Shot by Quinn Hughes.
7:50 of 2nd period - Stopped by Ilya Sorokin without a rebound.
7:51 of 2nd period - Colton Sissons wins face-off versus Aleksander Barkov in Predators zone.
8:21 of 2nd period - Icing by Mike Matheson.
8:22 of 2nd period - J.T. Miller wins face-off versus Aleksander Barkov in Panthers zone.
8:33 of 2nd period - Jake McCabe is hit by Andrei Svechnikov and loses puck.
9:12 of 2nd period - Shot by Roope Hintz.
9:12 of 2nd period - Shot Blocked by Darnell Nurse.
9:14 of 2nd period - Shot by Jack Hughes.
9:14 of 2nd period - Shot Misses the Net.
9:16 of 2nd period - Shot by Charlie McAvoy.
9:16 of 2nd period - Stopped by Ilya Sorokin without a rebound.
9:17 of 2nd period - Colton Sissons wins face-off versus Roope Hintz in Predators zone.
11:17 of 2nd period - Shot by Matthew Tkachuk.
11:17 of 2nd period - Deflect By Andrei Svechnikov.
11:17 of 2nd period - Stopped by Ilya Sorokin without a rebound.
11:18 of 2nd period - Robby Fabbri wins face-off versus J.T. Compher in Predators zone.
11:19 of 2nd period - Shot by Mikael Backlund.
11:19 of 2nd period - Deflect By Robby Fabbri.
11:19 of 2nd period - Stopped by Ilya Sorokin without a rebound.
11:20 of 2nd period - Jeff Carter wins face-off versus Bo Horvat in Predators zone.
11:45 of 2nd period - Shot by Jamie Benn.
11:45 of 2nd period - Stopped by Ilya Sorokin without a rebound.
11:46 of 2nd period - Tage Thompson wins face-off versus Aleksander Barkov in Predators zone.
12:11 of 2nd period - Shot by Nikita Zadorov.
12:11 of 2nd period - Stopped by Craig Anderson without a rebound.
12:12 of 2nd period - J.T. Miller wins face-off versus Roope Hintz in Panthers zone.
12:12 of 2nd period - Roman Josi is hit by Jake Sanderson and loses puck.
12:32 of 2nd period - Shot by Roope Hintz.
12:32 of 2nd period - Shot Misses the Net.
12:34 of 2nd period - Shot by Roope Hintz.
12:34 of 2nd period - Stopped by Ilya Sorokin with a rebound.
12:42 of 2nd period - Shot by Jack Hughes.
12:42 of 2nd period - Shot Misses the Net.
12:51 of 2nd period - Icing by Roman Josi.
12:52 of 2nd period - Gabriel Vilardi wins face-off versus Andrei Svechnikov in Predators zone.
12:57 of 2nd period - Aleksander Barkov is hit by J.T. Miller.
13:20 of 2nd period - J.T. Miller is hit by Andrei Svechnikov and loses puck.
13:35 of 2nd period - Brandon Carlo is hit by Matthew Tkachuk and loses puck.
14:32 of 2nd period - Icing by Jeff Carter.
14:33 of 2nd period - Jeff Carter wins face-off versus Tage Thompson in Panthers zone.
16:38 of 2nd period - Darnell Nurse is hit by Mike Matheson.
16:45 of 2nd period - Icing by Mikael Backlund.
16:46 of 2nd period - Mikael Backlund wins face-off versus Taylor Hall in Panthers zone.
16:51 of 2nd period - Shot by Mike Matheson.
16:51 of 2nd period - Stopped by Ilya Sorokin with a rebound.
17:23 of 2nd period - Shot by Taylor Hall.
17:23 of 2nd period - Stopped by Craig Anderson with a rebound.
17:51 of 2nd period - Shot by Brady Tkachuk.
17:51 of 2nd period - Stopped by Ilya Sorokin without a rebound.
17:52 of 2nd period - Aleksander Barkov wins face-off versus Tage Thompson in Predators zone.
18:09 of 2nd period - Shot by Aleksander Barkov.
18:09 of 2nd period - Shot Misses the Net.
18:17 of 2nd period - Andrei Svechnikov is hit by Lucas Raymond and loses puck.
18:26 of 2nd period - Shot by Tage Thompson.
18:26 of 2nd period - Stopped by Craig Anderson without a rebound.
18:27 of 2nd period - Roope Hintz wins face-off versus J.T. Miller in Panthers zone.
18:27 of 2nd period - Jack Hughes is hit by J.T. Miller and loses puck.
18:52 of 2nd period - Shot by Jack Hughes.
18:52 of 2nd period - Stopped by Ilya Sorokin without a rebound.
18:53 of 2nd period - Jeff Carter wins face-off versus Bo Horvat in Predators zone.
19:02 of 2nd period - Shot by Jeff Carter.
19:02 of 2nd period - Shot Misses the Net.
19:10 of 2nd period - Charlie McAvoy is hit by Bo Horvat and loses puck.
19:21 of 2nd period - Shot by J.T. Compher.
19:21 of 2nd period - Shot Misses the Net.
19:25 of 2nd period - Shot by Taylor Hall.
19:25 of 2nd period - Shot Misses the Net.
19:27 of 2nd period - Shot by Taylor Hall.
19:27 of 2nd period - Stopped by Craig Anderson without a rebound.
19:28 of 2nd period - Matthew Tkachuk wins face-off versus J.T. Miller in Panthers zone.
Goals for this period are 1 for Panthers vs 0 for Predators.
Shots for this period are 13 for Panthers vs 8 for Predators.

3rd period


0:01 of 3rd period - Aleksander Barkov wins face-off versus Tage Thompson in neutral zone.
0:20 of 3rd period - Shot by Andrei Svechnikov.
0:20 of 3rd period - Stopped by Ilya Sorokin without a rebound.
0:21 of 3rd period - Bo Horvat wins face-off versus Roope Hintz in Predators zone.
0:32 of 3rd period - Shot by J.T. Compher.
0:32 of 3rd period - Shot Blocked by Charlie McAvoy.
0:34 of 3rd period - Shot by Taylor Hall.
0:34 of 3rd period - Shot Blocked by Quinn Hughes.
0:38 of 3rd period - Shot by Bo Horvat.
0:38 of 3rd period - Stopped by Craig Anderson without a rebound.
0:39 of 3rd period - Aleksander Barkov wins face-off versus Tage Thompson in Panthers zone.
0:46 of 3rd period - Shot by Andrei Svechnikov.
0:46 of 3rd period - Deflect By Matthew Tkachuk.
0:46 of 3rd period - Shot Misses the Net.
1:54 of 3rd period - Shot by Kyle Connor.
1:54 of 3rd period - Shot Misses the Net.
1:56 of 3rd period - Shot by J.T. Miller.
1:56 of 3rd period - Shot Blocked by Owen Power.
2:45 of 3rd period - Taylor Hall is hit by Brady Tkachuk and loses puck.
3:16 of 3rd period - Roope Hintz is hit by Nikita Zadorov and loses puck.
4:18 of 3rd period - Icing by Frederick Gaudreau.
4:19 of 3rd period - J.T. Miller wins face-off versus Mikael Backlund in Panthers zone.
4:24 of 3rd period - Shot by J.T. Miller.
4:24 of 3rd period - Stopped by Craig Anderson without a rebound.
4:25 of 3rd period - Mikael Backlund wins face-off versus J.T. Miller in Panthers zone.
4:46 of 3rd period - Shot by J.T. Miller.
4:46 of 3rd period - Deflect By Kyle Connor.
4:46 of 3rd period - Shot Blocked by Frederick Gaudreau.
5:24 of 3rd period - Shot by Roope Hintz.
5:24 of 3rd period - Shot Misses the Net.
6:00 of 3rd period - Off-side.
6:01 of 3rd period - Colton Sissons wins face-off versus Aleksander Barkov in neutral zone.
6:10 of 3rd period - Shot by Colton Sissons.
6:10 of 3rd period - Shot Blocked by Owen Power.
6:16 of 3rd period - Shot by Colton Sissons.
6:16 of 3rd period - Stopped by Craig Anderson with a rebound.
6:27 of 3rd period - Shot by Matthew Tkachuk.
6:27 of 3rd period - Stopped by Ilya Sorokin without a rebound.
6:28 of 3rd period - Jeff Carter wins face-off versus Bo Horvat in Predators zone.
6:28 of 3rd period - Quinn Hughes is hit by Roman Josi and loses puck.
6:31 of 3rd period - Shot by Reilly Smith.
6:31 of 3rd period - Stopped by Ilya Sorokin with a rebound.
6:53 of 3rd period - Shot by Charlie McAvoy.
6:53 of 3rd period - Shot Misses the Net.
7:39 of 3rd period - Shot by Alex Tuch.
7:39 of 3rd period - Deflect By Lucas Raymond.
7:39 of 3rd period - Stopped by Craig Anderson without a rebound.
7:40 of 3rd period - Tage Thompson wins face-off versus Roope Hintz in Panthers zone.
7:56 of 3rd period - Jack Hughes is hit by Darnell Nurse and loses puck.
7:59 of 3rd period - Shot by Oliver Ekman-Larsson.
7:59 of 3rd period - Stopped by Ilya Sorokin without a rebound.
8:00 of 3rd period - Aleksander Barkov wins face-off versus J.T. Miller in Predators zone.
8:05 of 3rd period - Shot by Matthew Tkachuk.
8:05 of 3rd period - Shot Blocked by Jake McCabe.
8:32 of 3rd period - Shot by J.T. Miller.
8:32 of 3rd period - Shot Misses the Net.
8:34 of 3rd period - Shot by J.T. Miller.
8:34 of 3rd period - Stopped by Craig Anderson with a rebound.
9:04 of 3rd period - Shot by Roope Hintz.
9:04 of 3rd period - Deflect By Jack Hughes.
9:04 of 3rd period - Goal by Jack Hughes - Panthers : 3 - Predators : 2.
9:05 of 3rd period - Tage Thompson wins face-off versus Jeff Carter in neutral zone.
9:26 of 3rd period - Shot by Alex Tuch.
9:26 of 3rd period - Shot Misses the Net.
10:20 of 3rd period - Shot by J.T. Compher.
10:20 of 3rd period - Deflect By Taylor Hall.
10:20 of 3rd period - Shot Misses the Net.
10:22 of 3rd period - Shot by J.T. Compher.
10:22 of 3rd period - Shot Misses the Net.
10:24 of 3rd period - Shot by Bo Horvat.
10:24 of 3rd period - Shot Misses the Net.
10:26 of 3rd period - Shot by J.T. Compher.
10:26 of 3rd period - Shot Misses the Net.
10:30 of 3rd period - Shot by J.T. Compher.
10:30 of 3rd period - Stopped by Craig Anderson without a rebound.
10:31 of 3rd period - Aleksander Barkov wins face-off versus J.T. Miller in Panthers zone.
10:33 of 3rd period - Charlie McAvoy is hit by J.T. Miller and loses puck.
10:52 of 3rd period - Jake McCabe is hit by Andrei Svechnikov and loses puck.
11:58 of 3rd period - Shot by Taylor Hall.
11:58 of 3rd period - Shot Hit the Post.
12:00 of 3rd period - Shot by Roman Josi.
12:00 of 3rd period - Shot Misses the Net.
12:02 of 3rd period - Shot by Roman Josi.
12:02 of 3rd period - Stopped by Craig Anderson without a rebound.
12:03 of 3rd period - Mikael Backlund wins face-off versus Tage Thompson in Panthers zone.
12:14 of 3rd period - Shot by Mikael Backlund.
12:14 of 3rd period - Stopped by Ilya Sorokin with a rebound.
13:23 of 3rd period - Icing by Colton Sissons.
13:24 of 3rd period - Colton Sissons wins face-off versus Roope Hintz in Predators zone.
13:30 of 3rd period - Roman Josi is hit by Jake Sanderson.
14:01 of 3rd period - Off-side.
14:02 of 3rd period - J.T. Miller wins face-off versus Aleksander Barkov in neutral zone.
14:18 of 3rd period - Shot by Matthew Tkachuk.
14:18 of 3rd period - Shot Misses the Net.
14:26 of 3rd period - Shot by Kyle Connor.
14:26 of 3rd period - Stopped by Craig Anderson without a rebound.
14:27 of 3rd period - Jeff Carter wins face-off versus Tage Thompson in Panthers zone.
14:27 of 3rd period - Jeff Carter is hit by Tage Thompson.
14:39 of 3rd period - Shot by Alex Tuch.
14:39 of 3rd period - Stopped by Craig Anderson without a rebound.
14:40 of 3rd period - Aleksander Barkov wins face-off versus J.T. Miller in Panthers zone.
16:03 of 3rd period - Shot by Jack Hughes.
16:03 of 3rd period - Stopped by Ilya Sorokin without a rebound.
16:04 of 3rd period - J.T. Compher wins face-off versus Jeff Carter in Predators zone.
16:09 of 3rd period - Shot by J.T. Compher.
16:09 of 3rd period - Shot Misses the Net.
16:11 of 3rd period - Shot by Jake McCabe.
16:11 of 3rd period - Goal by Jake McCabe - Panthers : 3 - Predators : 3.
16:12 of 3rd period - Bo Horvat wins face-off versus Roope Hintz in neutral zone.
16:25 of 3rd period - Shot by Jack Hughes.
16:25 of 3rd period - Shot Blocked by Jake McCabe.
16:35 of 3rd period - Shot by Taylor Hall.
16:35 of 3rd period - Shot Misses the Net.
16:37 of 3rd period - Shot by Bo Horvat.
16:37 of 3rd period - Shot Misses the Net.
16:39 of 3rd period - Shot by Nikita Zadorov.
16:39 of 3rd period - Stopped by Craig Anderson without a rebound.
16:40 of 3rd period - Tage Thompson wins face-off versus Jeff Carter in Panthers zone.
16:43 of 3rd period - Shot by Tage Thompson.
16:43 of 3rd period - Stopped by Craig Anderson without a rebound.
16:44 of 3rd period - Aleksander Barkov wins face-off versus Tage Thompson in Panthers zone.
17:18 of 3rd period - Off-side.
17:19 of 3rd period - Bo Horvat wins face-off versus Roope Hintz in neutral zone.
17:19 of 3rd period - Bo Horvat is hit by Brady Tkachuk.
17:27 of 3rd period - Shot by Bo Horvat.
17:27 of 3rd period - Stopped by Craig Anderson with a rebound.
17:29 of 3rd period - Shot by Roman Josi.
17:29 of 3rd period - Shot Misses the Net.
17:42 of 3rd period - Icing by Quinn Hughes.
17:43 of 3rd period - Jack Hughes wins face-off versus J.T. Miller in Panthers zone.
17:57 of 3rd period - Minor Penalty to Charlie McAvoy for Holding Stick.
17:58 of 3rd period - Frederick Gaudreau wins face-off versus Bo Horvat in Panthers zone.
18:10 of 3rd period - Shot by Thomas Chabot.
18:10 of 3rd period - Shot Misses the Net.
18:22 of 3rd period - Shot by Thomas Chabot.
18:22 of 3rd period - Stopped by Craig Anderson without a rebound.
18:23 of 3rd period - J.T. Miller wins face-off versus Mikael Backlund in Panthers zone.
18:42 of 3rd period - Shot by Darnell Nurse.
18:42 of 3rd period - Shot Misses the Net.
18:44 of 3rd period - Shot by J.T. Miller.
18:44 of 3rd period - Shot Blocked by Oliver Ekman-Larsson.
19:06 of 3rd period - Shot by Darnell Nurse.
19:06 of 3rd period - Stopped by Craig Anderson without a rebound.
19:07 of 3rd period - Aleksander Barkov wins face-off versus Bo Horvat in Panthers zone.
19:18 of 3rd period - Shot by Thomas Chabot.
19:18 of 3rd period - Stopped by Craig Anderson without a rebound.
19:19 of 3rd period - Bo Horvat wins face-off versus Mikael Backlund in Panthers zone.
19:35 of 3rd period - Shot by Thomas Chabot.
19:35 of 3rd period - Stopped by Craig Anderson without a rebound.
19:36 of 3rd period - Aleksander Barkov wins face-off versus J.T. Miller in Panthers zone.
Goals for this period are 1 for Panthers vs 1 for Predators.
Shots for this period are 7 for Panthers vs 17 for Predators.

Overtime #1


0:01 of 1st overtime period - Tage Thompson wins face-off versus Aleksander Barkov in neutral zone.
0:16 of 1st overtime period - Shot by Tage Thompson.
0:16 of 1st overtime period - Stopped by Craig Anderson without a rebound.
0:17 of 1st overtime period - Tage Thompson wins face-off versus Aleksander Barkov in Panthers zone.
0:24 of 1st overtime period - Shot by Kyle Connor.
0:24 of 1st overtime period - Goal by Kyle Connor - Panthers : 3 - Predators : 4.
Goals for this period are 0 for Panthers vs 1 for Predators.
Shots for this period are 0 for Panthers vs 2 for Predators.